 Dungeon Crawl Stone Soup version 0.28-b1-25-g9875b3fc8c (webtiles) character file.

Game seed: 7223136146502443757

1717 dorian the Gouger (level 8, -1/38 HPs)
             Began as a Felid Transmuter on Feb 5, 2022.
             Was a Believer of Wu Jian.
             Slain by a killer bee (6 damage)
             ... on level 7 of the Dungeon.
             The game lasted 00:31:03 (10453 turns).

dorian the Gouger (Felid Transmuter)               Turns: 10453, Time: 00:31:05

Health: -1/38      AC:  6    Str:  6    XL:     8   Next: 74%
Magic:  10/12      EV: 22    Int: 17    God:    Wu Jian [**....]
Gold:   231        SH:  0    Dex: 16    Spells: 8/11 levels left
                                        Lives:  0   Deaths: 2

rFire   . . .      SeeInvis +     - Unarmed
rCold   . . .      Faith    .   (shield unavailable)
rNeg    . . .      Spirit   .   (armour unavailable)
rPois   +          Reflect  .   (helmet unavailable)
rElec   .          Harm     .   (cloak unavailable)
rCorr   .          Rampage  .   (gloves unavailable)
Will    +....                   (boots unavailable)
Stlth   +.........              (no amulet)
HPRegen 0.12/turn               x - ring of poison resistance
MPRegen 0.13/turn               b - +4 ring of protection

@: appendages (expiring), very slightly contaminated, quick
A: horns 2, very small, claws 1, fangs 3, see invisible, speed 1, shaggy fur 2,
stealthy paws, no weapons or thrown items, no armour, multi-lived
a: End Transformation, Renounce Religion, Wall Jump


You were on level 7 of the Dungeon.
You worshipped Wu Jian.
Wu Jian was pleased with you.
You had temporarily grown beastly horns.
You visited 2 branches of the dungeon, and saw 10 of its levels.

You collected 231 gold pieces.

Inventory:

Jewellery
 b - a +4 ring of protection (right paw)
 g - a ring of protection from cold
 j - a ring of protection from cold
 n - a +6 ring of intelligence
 s - a +4 ring of evasion
 x - a ring of poison resistance (left paw)
Wands
 p - a wand of mindburst (18)
 u - a wand of paralysis (5)
 w - a wand of flame (16)
Scrolls
 a - 2 scrolls of magic mapping
 d - 2 scrolls of blinking
 h - a scroll of vulnerability
 k - 3 scrolls of teleportation
 o - 3 scrolls of holy word {unknown}
 q - a scroll of enchant weapon {unknown}
 y - a scroll of fog {unknown}
Potions
 c - a potion of cancellation
 e - a potion of lignification {unknown}
 f - 3 potions of might
 i - 2 potions of heal wounds
 l - 2 potions of degeneration {unknown}
 m - a potion of magic {unknown}
 r - 2 potions of curing {unknown}
 t - a potion of flight {unknown}
 v - a potion of attraction {unknown}
 z - a potion of invisibility {unknown}


   Skills:
 + Level 6.2 Fighting
 + Level 8.5 Dodging
 - Level 9.8 Unarmed Combat
 - Level 2.0 Spellcasting
 - Level 2.1 Transmutations


You had 8 spell levels left.
You knew the following spells:

 Your Spells              Type           Power      Damage    Failure   Level
a - Beastly Appendage     Tmut           18%        N/A       8%          1
b - Wereblood             Tmut           9%         N/A       12%         2

Your spell library contained the following spells:

 Spells                   Type           Power      Damage    Failure   Level
 Sting                    Tmut/Pois      20%        1d4       12%         1
 Poisonous Vapours        Pois/Air       2%         N/A       28%         2
 Spider Form              Tmut/Pois      5%         N/A       36%         3
 Ice Form                 Ice/Tmut       5%         N/A       77%         4
 Olgreb's Toxic Radiance  Pois           1%         N/A       88%         4


Dungeon Overview and Level Annotations

Branches:
Dungeon (9/15)             Temple (1/1) D:4            Lair (0/6) D:8
    Orc: D:9-12

Altars:
Ashenzari
Dithmenos
Fedhas
Gozag
Hepliaklqana
Kikubaaqudgha
Makhleb
Nemelex Xobeh
Okawaru
Qazlal
Ru
Sif Muna
Trog
Uskayaw
Vehumet
Wu Jian
Yredelemnul
Zin
The Shining One

Shops:
D:5 :

Annotations:
D:3 Grinder
D:4 Pikel


Innate Abilities, Weirdness & Mutations

You have temporarily grown beastly horns.
You have sharp claws.
You have razor-sharp teeth.
You have supernaturally acute eyesight. (SInv)
You cover ground quickly. (Speed+)
You are covered in thick fur. (AC +2)
Your paws help you pounce on unaware monsters.
You are incapable of wielding weapons or throwing items.
You cannot wear armour.
You gain extra lives every three experience levels.


Message History

The killer bee completely misses you.
Casting: Beastly Appendage (safe; 8% risk of failure)
Confirm with . or Enter, or press ? or * to list all spells.
You miscast Wereblood.
You are very lightly contaminated with residual magic.
Nothing appears to happen.
Your transformation is almost over.
The killer bee stings you but does no damage.
The killer bee stings you!
You are poisoned.
The killer bee poisons you!
You claw the killer bee!
You kill the killer bee!
The Council accepts your kill.
You feel sick. The killer bee barely misses you.
You miss the killer bee. Your headbutt misses the killer bee.
You feel sick. The killer bee stings you!
You miss the killer bee. Your headbutt misses the killer bee.
The killer bee closely misses you. The killer bee barely misses you.
You scratch the killer bee but do no damage.
Your headbutt misses the killer bee. You bite the killer bee.
The killer bee is lightly wounded.
You feel sick. The killer bee closely misses you.
You claw the killer bee! You headbutt the killer bee.
You kill the killer bee!
The Council accepts your kill.
You can now perform airborne attacks.
You feel sick.
You scratch the killer bee.
The killer bee is moderately wounded.
You feel sick.
The killer bee stings you but does no damage.
The killer bee completely misses you.
You scratch the killer bee. Your bite misses the killer bee.
The killer bee is heavily wounded.
You feel sick.
You are no longer poisoned.
The killer bee stings you.
* * * LOW HITPOINT WARNING * * *
The killer bee stings you.
You die...

#.......###### ##.#.##......###
#.#####......# #....##.#.......
#.#####.####.# #.........##.###
#....##############.....####### #
#..#..###.#####....##.##....#####
#.....#.#...##..####...####..##..
##.#####.##..........#...)......#
#.# ##.#...####..###..####...#
#.# ##[##...@yy..#......[.##.
##.#### ##.#...####...####...#.#
......######.##..# ##.## #..##.##
#####.......#.######...######.#..
# ##############.##y##.######## #
#..#y......#..#.#.# #
#.(..#..8..#....#.## ##
.....#..#...#..#.....# .#
......#...8...#.......


You could see 2 killer bees.

Vanquished Creatures
  A troll (D:7)
  Sigmund (D:3)
  Eustachio (D:6)
  Edmund (D:3)
  2 ice beasts (D:5)
  A black bear (D:6)
  A phantom (D:4)
  4 lemures (D:4)
  5 bullfrogs
  3 scorpions
  A water moccasin skeleton (D:5)
  4 killer bees (D:7)
  6 wights
  2 centaur zombies (D:6)
  A bullfrog zombie (D:6)
  2 jellies (D:7)
  An orc priest (D:3)
  Crazy Yiuf (D:6)
  A hound (D:6)
  A bullfrog skeleton (D:7)
  3 centaur skeletons
  2 iguanas
  2 orc wizards
  7 gnolls
  7 adders
  A white imp (D:6)
  2 ufetubi (D:6)
  An adder skeleton (D:4)
  A dart slug (D:1)
  22 orcs
  8 bats
  4 endoplasms
  A giant cockroach (D:3)
  5 goblins
  7 hobgoblins
  9 jackals
  5 quokkas
  3 ball pythons
  3 frilled lizards
  7 kobolds
  9 rats
149 creatures vanquished.

Notes
Turn   | Place    | Note
-------+----------+-------------------------------------------
     0 | D:1      | dorian the Felid Transmuter began the quest for the Orb.
     0 | D:1      | Reached XP level 1. HP: 9/9 MP: 4/4
   553 | D:1      | Reached XP level 2. HP: 12/12 MP: 4/6
   753 | D:1      | Found a faded altar of an unknown god.
   785 | D:1      | Reached skill level 4 in Unarmed Combat
   922 | D:1      | Reached XP level 3. HP: 15/15 MP: 5/7
  1723 | D:2      | Reached XP level 4. HP: 19/19 MP: 6/8
  1781 | D:2      | Reached skill level 5 in Unarmed Combat
  2251 | D:3      | Noticed Sigmund
  2599 | D:3      | Found an iron altar of Okawaru.
  2666 | D:3      | Noticed Grinder
  2851 | D:3      | Killed from afar by an orc
  2852 | D:3      | Reached XP level 3. HP: -1/15 MP: 7/7
  3074 | D:5      | Entered Level 5 of the Dungeon
  3074 | D:5      | Found Gimuoqas's Book Shoppe.
  3116 | D:4      | Found a staircase to the Ecumenical Temple.
  3147 | Temple   | Entered the Ecumenical Temple
  3210 | Temple   | Became a worshipper of the Wu Jian Council
  3242 | D:4      | Noticed Edmund
  3425 | D:4      | Reached XP level 4. HP: 10/19 MP: 6/8
  3945 | D:5      | Noticed a phantom
  3945 | D:5      | Noticed a scorpion
  4150 | D:4      | Reached skill level 6 in Unarmed Combat
  4240 | D:4      | Found a sacrificial altar of Ru.
  4250 | D:4      | Reached XP level 5. HP: 22/22 MP: 7/9
  4674 | D:3      | Killed Edmund
  4675 | D:3      | Reached skill level 7 in Unarmed Combat
  4675 | D:3      | Gained mutation: You are covered in thick fur. (AC +2)
                  | [Felid growth]
  4675 | D:3      | Reached XP level 6. HP: 7/25 MP: 8/10
  4923 | D:3      | Killed Sigmund
  5179 | D:4      | Noticed Pikel
  5260 | D:4      | Reached skill level 8 in Unarmed Combat
  5265 | D:4      | Reached XP level 7. HP: 23/28 MP: 9/11
  7106 | D:5      | Reached skill level 9 in Unarmed Combat
  7719 | D:6      | Reached * piety under Wu Jian
  7752 | D:6      | Found a burning altar of Makhleb.
  7774 | D:6      | Reached XP level 8. HP: 32/32 MP: 12/12
  7790 | D:6      | Learned a level 2 spell: Wereblood
  7903 | D:6      | Found a sparkling altar of Nemelex Xobeh.
  8337 | D:6      | Noticed Eustachio
  8352 | D:6      | Killed Eustachio
  8353 | D:6      | Reached skill level 5 in Dodging
  8944 | D:6      | Found a runed translucent door.
  8945 | D:6      | Noticed Crazy Yiuf
  9041 | D:6      | Found a radiant altar of Vehumet.
  9086 | D:6      | Killed Crazy Yiuf
  9370 | D:7      | You fall into a shaft and drop 2 floors!
  9439 | D:9      | Slain by an orc warrior
  9440 | D:9      | Reached XP level 7. HP: -4/33 MP: 11/11
  9491 | D:8      | Noticed an unseen horror
  9593 | D:7      | Reached XP level 8. HP: 35/36 MP: 10/12
  9624 | D:7      | Reached skill level 5 in Fighting
  9712 | D:7      | Found a stormy altar of Qazlal.
 10062 | D:8      | Noticed a deep elf pyromancer
 10078 | D:7      | Found a glowing silver altar of Zin.
 10212 | D:7      | Noticed a troll
 10294 | D:7      | Killed a troll
 10451 | D:7      | Reached ** piety under Wu Jian
 10453 | D:7      | Slain by a killer bee

Illustrated notes

Levels and vault maps discovered:
D:1:      saegor_arrival_simple_b, layout_loops_cross,
          nicolae_ecumenical_lake_church
D:2:      layout_loops_ring, hex_large
D:3:      layout_basic, okawaru_metal_pillars_1_2, uniq_grinder, uniq_sigmund
D:4:      layout_loops_ring, nicolae_ru_great_annihilating_truth, temple_pool_b,
          uniq_pikel, uniq_edmund
D:5:      layout_basic, nicolae_stop_n_shop_2
D:6:      layout_layer_cave, fiery_altar_vehumet, nemelex_spade_bored_becter,
          mainiacjoe_overflow_chevrons, uniq_crazy_yiuf_cottage, uniq_eustachio
D:7:      wad_crossroads, layout_loops_cross, mainiacjoe_overflow_alcove_1,
          lemuel_crystal_altar, st_stairs_14
D:8:      cheibrodos_fzero, layout_basic, mainiacjoe_overflow_small_starburst,
          lair_entry_dummy, nicolae_concentric_dashed_squares_wild
D:9:      layout_gridville, special_room [special_room_bee]
Temple:   nicolae_temple_god_jail

Skill      XL: |  1  2  3  4  5  6  7  8 |
---------------+-------------------------+-----
Unarmed Combat | 4 6 7 8 9 |  9.8
Dodging        | 7 8 |  8.5
Fighting       | 6 |  6.2
Spellcasting   | |  2.0
Transmutations | |  2.1

Action                   |  1- 3 |  4- 6 |  7- 9 || total
-------------------------+-------+-------+-------++-------
Melee: Unarmed           |   103 |   133 |   287 ||   523
       Headbutt          |    11 |    26 |    53 ||    90
       Bite              |     2 |    16 |    37 ||    55
       Punch             |     1 |     2 |    13 ||    16
 Cast: Beastly Appendage |    32 |    31 |    53 ||   116
       Wereblood         |       |       |     3 ||     3
Invok: Lunge             |     2 |     1 |    15 ||    18
       Whirlwind         |       |       |     2 ||     2
Evoke: Wand              |       |     5 |     1 ||     6
  Use: Scroll            |     5 |     1 |     6 ||    12
       Potion            |       |       |     1 ||     1
 Stab: Sleeping          |     2 |     1 |       ||     3
       Paralysed         |       |     1 |     2 ||     3
Armor: Skin              |    11 |    18 |    34 ||    63
Dodge: Dodged            |    82 |    78 |   209 ||   369
